Map: Void Thrashing

Players

ZPR

  • Race: Zerg Zerg
  • League: Master
  • Spawn Location: 9:00

Meursault

  • Race: Terran Terran
  • Spawn Location: 6:00

VOD

Have the link to the VOD?

Description

Time

  • Played on: Sept. 14, 2017, 12:10 p.m.
  • Length: 14:23
Show
View Real Time Build Order
Export as new Build Order

ZPR Zerg 

Build Orders:  

Get SALT Encoding   

  12  0:03  Drone  
  13  0:11  Drone  
  14  0:21  Drone, Extractor  
  15  0:32  Overlord  
  15  1:06  Hatchery  
  14  1:10  Drone  
  14  1:16  Drone  
  16  1:22  Drone  
  16  1:28  Drone  
  18  1:33  Drone  
  18  1:36  Extractor  
  18  1:39  Extractor  
  17  1:46  Drone  
  18  1:59  Evolution Chamber  
  17  2:01  Drone  
  18  2:10  Drone  
  18  2:16  Drone  
  20  2:22  Drone  
  21  2:31  Drone  
  21  2:37  Drone  
  21  2:39  Heroic Fortitude  
  23  2:46  Drone  
  24  2:52  Drone  
  25  3:01  Spawning Pool  
  25  3:03  Drone  
  25  3:10  Zerg Melee Weapons Level 1  
  25  3:16  Overlord  
  25  3:20  Drone  
  25  3:25  Drone  
  27  3:36  Lair  
  27  3:41  Drone  
  27  3:47  Drone  
  27  3:48  Drone  
  30  3:53  Drone  
  31  4:01  Drone  
  32  4:13  Drone  
  33  4:26  Hatchery  
  33  4:29  Overlord  
  32  4:55  Chain Reaction  
  32  4:56  Hive  
  32  4:58  Drone  
  32  4:59  Drone  
  34  5:01  Metabolic Boost  
  34  5:05  Overlord  
  34  5:08  Drone x3  
  37  5:11  Drone  
  37  5:16  Queen  
  37  5:17  Overlord  
  40  5:24  Zergling x2  
  41  5:30  Queen  
  41  5:32  Hardened Carapace  
  41  5:36  Zergling x4  
  45  5:46  Zergling x2  
  45  5:48  Zergling x2  
  45  5:50  Zergling  
  45  5:51  Zergling  
  45  6:07  Zergling x2  
  45  6:08  Zergling x12  
  52  6:14  Queen, Zergling  
  52  6:15  Ability Efficiency, Zergling x3  
  52  6:16  Adrenal Overload  
  52  6:18  Overlord  
  54  6:25  Zergling x2  
  54  6:26  Zergling x6  
  56  6:39  Zergling x6  
  59  6:52  Zergling x5  
  59  6:53  Zergling  
  59  7:01  Zergling x2  
  59  7:02  Zergling x14  
  59  7:09  Shredding Claws  
  67  7:12  Zergling x11  
  67  7:13  Zergling x13  
  67  7:14  Zergling x10  
  67  7:15  Zergling x7  
  67  7:16  Zergling x4  
  67  7:17  Zergling x5  
  67  7:18  Zergling x4  
  67  7:19  Nydus Network, Zergling x3  
  73  7:20  Zergling x4  
  73  7:21  Zergling x4  
  73  7:22  Zergling x6  
  73  7:23  Overlord, Zergling x9  
  73  7:24  Zergling x4  
  73  7:25  Zergling x6  
  73  7:27  Zergling x3  
  73  7:28  Zergling  
  73  7:29  Zergling  
  73  7:30  Zergling x3  
  73  7:31  Zergling x5  
  73  7:32  Zergling  
  73  7:34  Zergling  
  73  7:35  Zergling  
  73  7:36  Zergling  
  73  7:37  Zergling  
  72  7:40  Zergling x4  
  72  7:41  Zergling x13  
  72  7:42  Zergling x9  
  72  7:43  Zergling x6  
  72  7:44  Zergling x12  
  72  7:45  Zergling x7  
  72  7:46  Zergling x7  
  72  7:47  Zergling x8  
  72  7:48  Zergling x2  
  72  7:49  Zergling x2  
  70  7:51  Zergling x8  
  70  7:52  Zergling x3  
  70  7:53  Zergling x3  
  70  7:54  Zergling x20  
  70  7:55  Zergling x2  
  70  7:57  Zergling x2  
  70  7:58  Zergling x2  
  70  7:59  Zergling x4  
  75  8:00  Zergling  
  75  8:01  Zergling  
  75  8:03  Zerg Melee Weapons Level 2  
  75  8:06  Zergling  
  75  8:07  Zergling x5  
  75  8:08  Zergling x5  
  75  8:09  Zergling x4  
  71  8:10  Zergling x6  
  71  8:11  Zergling x9  
  71  8:12  Zergling x3  
  71  8:13  Zergling x2  
  71  8:15  Zergling  
  71  8:16  Omega Worm, Zergling x2  
  71  8:17  Zergling x7  
  70  8:21  Zergling x3  
  70  8:22  Zergling x5  
  70  8:23  Zergling x8  
  70  8:24  Zergling x2  
  70  8:26  Zergling x6  
  70  8:27  Zergling x7  
  70  8:28  Zergling x14  
  70  8:29  Zergling x5  
  72  8:30  Zergling x2  
  72  8:31  Zergling x2  
  72  8:32  Zergling x10  
  72  8:37  Zergling  
  72  8:39  Zergling  
  70  8:41  Zergling x3  
  70  8:44  Zergling  
  70  8:45  Zergling x2  
  70  8:46  Zergling x3  
  70  8:47  Zergling x18  
  70  8:48  Zergling  
  75  8:50  Zergling  
  75  8:52  Zergling  
  75  8:58  Zergling  
  75  9:00  Zergling  
  75  9:02  Zergling  
  75  9:04  Zergling  
  75  9:08  Zergling  
  75  9:09  Zergling x2  
  76  9:10  Zergling x15  
  76  9:12  Zergling x11  
  76  9:13  Zergling x3  
  76  9:14  Zergling  
  82  9:23  Overlord  
  82  9:24  Overlord x3  
  82  9:25  Overseer  
  82  9:41  Zerg Ground Armor Level 1  
  82  9:43  Overlord x3  
  82  9:45  Zergling  
  82  9:46  Zergling x11  
  82  9:47  Zergling x12  
  82  9:48  Zergling x3  
  82  9:49  Zergling x12  
  82  9:50  Zergling x9  
  82  9:51  Zergling x12  
  82  9:52  Zergling x5  
  82  9:53  Nydus Network, Zergling x9  
  82  9:54  Zergling x10  
  82  9:55  Zergling x19  
  82  9:56  Zergling x24  
  82  9:57  Zergling x9  
  82  9:58  Zergling x14  
  82  9:59  Zergling x23  
  87  10:00  Zergling x12  
  87  10:01  Zergling x7  
  87  10:02  Zergling x12  
  87  10:03  Zergling x7  
  87  10:04  Zergling x8  
  87  10:05  Zergling x7  
  87  10:06  Omega Worm, Zergling x11  
  87  10:07  Zergling x3  
  87  10:08  Zergling x11  
  87  10:09  Zergling x2  
  87  10:16  Zergling x19  
  87  10:17  Zergling x11  
  87  10:18  Zergling x16  
  87  10:19  Zergling x6  
  63  10:20  Zergling x11  
  87  10:21  Zergling x6  
  87  10:22  Zergling x9  
  87  10:23  Zergling x16  
  87  10:24  Zergling x9  
  87  10:25  Zergling x14  
  87  10:26  Zergling x9  
  87  10:27  Zergling x13  
  87  10:28  Zergling x7  
  87  10:29  Zergling x14  
  88  10:30  Zergling x14  
  88  10:32  Zergling  
  88  10:33  Zergling  
  82  10:40  Zergling x17  
  82  10:42  Zergling x17  
  82  10:43  Zergling x11  
  82  10:44  Zergling x7  
  82  10:45  Zergling x12  
  82  10:46  Zergling x17  
  82  10:47  Zergling x14  
  82  10:48  Zergling x8  
  82  10:49  Zergling x7  
  66  10:50  Zergling x6  
  78  10:51  Zergling  
  78  10:59  Zergling x2  
  76  11:00  Zergling x20  
  76  11:01  Zergling x8  
  76  11:04  Overseer  
  76  11:07  Zergling x7  
  76  11:08  Zergling x6  
  76  11:09  Zergling x6  
  89  11:11  Zergling x2  
  89  11:12  Zerg Melee Weapons Level 3, Zergling x4  
  89  11:13  Zergling x5  
  89  11:14  Zergling x5  
  89  11:15  Zergling  
  89  11:17  Zergling x6  
  89  11:18  Zergling x8  
  92  11:25  Zergling x2  
  92  11:26  Zergling x8  
  92  11:27  Zergling x4  
  92  11:28  Zergling  
  89  11:40  Zergling x2  
  89  11:41  Zergling x8  
  89  11:42  Omega Worm  
  89  11:48  Zergling x8  
  89  11:49  Zergling x3  
  93  11:50  Zergling x9  
  93  11:51  Zergling x18  
  93  11:52  Zergling x6  
  93  11:53  Zergling x4  
  98  12:09  Zergling x12  
  74  12:10  Zergling x5  
  104  12:11  Zergling x13  
  104  12:12  Zergling x8  
  104  12:13  Zergling x7  
  104  12:14  Zergling x15  
  104  12:15  Zergling x20  
  104  12:16  Zergling x4  
  104  12:17  Zergling x18  
  104  12:18  Zergling x14  
  104  12:19  Zergling x6  
  104  12:20  Zergling x3  
  104  12:21  Zergling x11  
  104  12:22  Zergling x9  
  104  12:23  Omega Worm, Zergling x11  
  104  12:24  Zergling x10  
  104  12:25  Zergling x27  
  104  12:26  Zergling x21  
  104  12:27  Zergling x17  
  104  12:28  Zergling x36  
  104  12:29  Zergling x19  
  76  12:30  Zergling x20  
  108  12:31  Zergling x21  
  108  12:32  Zergling x5  
  108  12:33  Zergling x6  
  108  12:34  Zergling x6  
  108  12:35  Zergling x7  
  108  12:36  Zergling x6  
  108  12:37  Zergling x11  
  108  12:38  Zergling x6  
  108  12:39  Zergling x9  
  77  12:40  Zergling x8  
  104  12:41  Zergling x6  
  104  12:42  Zergling x19  
  104  12:43  Omega Worm, Zergling x14  
  104  12:44  Zergling  
  104  12:45  Zergling x5  
  104  12:46  Zergling x6  
  104  12:47  Zergling x5  
  104  12:48  Zergling x6  
  104  12:49  Zergling  
  116  12:50  Zergling x2  
  116  12:55  Zergling x6  
  116  12:56  Zergling x21  
  116  12:57  Zergling x23  
  116  12:58  Zergling x2  
  107  13:01  Zergling x30  
  107  13:02  Zergling x12  
  107  13:03  Zergling x13  
  107  13:04  Zergling x13  
  107  13:05  Zergling x27  
  107  13:06  Zergling x13  
  107  13:07  Zergling x13  
  107  13:08  Zergling x26  
  107  13:09  Zergling x22  
  80  13:10  Zergling x27  
  103  13:11  Zergling x15  
  103  13:12  Zergling x15  
  103  13:13  Zergling x34  
  103  13:14  Zergling x13  
  103  13:15  Zergling x16  
  103  13:16  Zergling x20  
  103  13:17  Zergling x16  
  103  13:18  Zergling x13  
  103  13:19  Zergling x14  
  81  13:20  Zergling x16  
  98  13:21  Zergling x3  
  98  13:22  Zergling x4  
  98  13:23  Zergling x4  
  98  13:24  Zergling x5  
  98  13:25  Zergling x15  
  98  13:26  Zergling x15  
  98  13:27  Zergling x10  
  98  13:28  Zergling x8  
  98  13:29  Zergling x11  
  82  13:30  Zergling x14  
  98  13:31  Zergling x26  
  98  13:32  Zergling x9  
  98  13:33  Zergling x15  
  98  13:34  Zergling x10  
  98  13:35  Zergling x8  
  98  13:36  Zergling x9  
  98  13:37  Zergling x9  
  98  13:38  Zergling x3  
  104  13:51  Zergling x2  
  104  13:52  Zergling x26  
Show
View Real Time Build Order
Export as new Build Order

Meursault Terran 

Build Orders:  

Get SALT Encoding   

Tags
 
League
Master
Matchup
Co-op
Replay Pack
Co-op Speedrun
Add a new tag
Caveats
  • Supply blocks, unpowered buildings, or Contaminate may cause inaccurate times.
  • Supply counts are checked every 10 seconds.